 Dungeon Crawl Stone Soup version 0.27-a0-887-gcab673c142 (webtiles) character file.

Game seed: 2652853070483798268

42 jestyr24 the Covered (level 3, -1/33 HPs)
             Began as a Minotaur Fighter on Apr 5, 2021.
             Was a Follower of Wu Jian.
             Slain by a goblin
             ... wielding a +0 club
             ... led by Robin
              (5 damage)
             ... on level 2 of the Dungeon.
             The game lasted 00:02:53 (1218 turns).

jestyr24 the Covered (Minotaur Fighter)             Turns: 1218, Time: 00:02:53

Health: -1/33      AC:  7    Str: 21    XL:     3   Next: 35%
Magic:  2/2        EV:  7    Int:  5    God:    Wu Jian [*.....]
Gold:   96         SH:  9    Dex:  9    Spells: 2/2 levels left

rFire    . . .     SeeInvis .   a - +0 long sword
rCold    . . .     Faith    .   c - +0 kite shield
rNeg     + . .     Spirit   .   b - +0 scale mail
rPois    .         Reflect  .   (helmet restricted)
rElec    .         Harm     .   (no cloak)
rCorr    .         Rampage  .   (no gloves)
Will     .....                  (no boots)
Stlth    ..........             (no amulet)
HPRegen  0.11/turn              g - ring of positive energy
MPRegen  0.08/turn              (no ring)

@: mighty
A: horns 2, retaliatory headbutt
a: Renounce Religion


You were on level 2 of the Dungeon.
You worshipped Wu Jian.
Wu Jian was aware of your devotion.
You visited 1 branch of the dungeon, and saw 2 of its levels.

You collected 96 gold pieces.

Inventory:

Hand Weapons
 a - a +0 long sword (weapon)
 i - a +1 vorpal flail
 k - a +0 hunting sling
Missiles
 h - 51 stones (quivered)
 m - 30 arrows
Armour
 b - a +0 scale mail (worn)
 c - a +0 kite shield (worn)
Jewellery
 g - a ring of positive energy (left hand)
Scrolls
 f - 3 scrolls of identify {unknown}
 l - a scroll of torment {unknown}
Potions
 e - a potion of curing {unknown}
 j - a potion of mutation {unknown}


   Skills:
 + Level 4.1 Fighting
 - Level 2.4 Long Blades
 + Level 4.4 Armour
 + Level 4.3 Shields


You had 2 spell levels left.
You didn't know any spells.
Your spell library was empty.

Dungeon Overview and Level Annotations

Branches:
Dungeon (2/15)

Altars:
Wu Jian


Innate Abilities, Weirdness & Mutations

You have a pair of horns on your head.
You reflexively headbutt those who attack you in melee.


Message History

The goblin hits you but does no damage. Robin throws the goblin at you!
The goblin hits you with a +0 club. The goblin barely misses you.
You hit Robin.
Robin is heavily wounded.
A frilled lizard comes into view.
You block the goblin's attack. Robin hits you but does no damage.
The goblin hits you with a +0 club. The goblin hits you but does no damage.
The frilled lizard moves out of view.
You barely miss Robin.
Robin is heavily wounded.
You block the goblin's attack.
Robin roars a battlecry!
The goblins go into a battle-frenzy!
The goblin hits you with a +0 club. The goblin hits you but does no damage.
You block the goblin's attack. The goblin barely misses you.
You riposte.
You closely miss the goblin. The goblin hits you with a +0 club.
The frilled lizard hisses angrily.
You barely miss Robin.
Robin is heavily wounded.
You block the goblin's attack.
Robin points. "Kill!"
Robin closely misses you. You furiously retaliate!
You headbutt Robin. The goblin barely misses you.
You block the goblin's attack.
You feel very mighty all of a sudden. The goblin hits you but does no damage.
Robin hits you with a +0 short sword. The goblin hits you but does no damage.
You block the goblin's attack.
You barely miss Robin.
Robin is severely wounded.
The goblin hits you with a +0 dagger.
* * * LOW HITPOINT WARNING * * *
The goblin hits you with a +0 club.
* * * LOW HITPOINT WARNING * * *
The goblin closely misses you.
You riposte.
You closely miss the goblin. The goblin hits you but does no damage.
The goblin barely misses you.
You riposte.
You closely miss the goblin. You block the goblin's attack.
You slash Robin!
You kill Robin!
The Council accepts your kill. You block the goblin's attack.
The goblin hits you with a +0 club.
You die...

#..# #..[รท.#.# ..
###.##..# ## #..#.##
.####### ##....#
.......# #).#.##
.....#.###.##..##
...........###..#####
...............ggg..#
...^..##########@##.#
.)...## #g# .....###


gg. ......... ..l.. ........# ......# ......### ######.. .....## #.. #...## ##.
##### You could see 2 hobgoblins, 4 goblins and a frilled lizard.

Vanquished Creatures
  Robin (D:2)
  2 adders (D:2)
  A worm (D:2)
  A dart slug (D:2)
  A ball python (D:2)
  2 bats
  4 goblins
  2 hobgoblins (D:1)
  2 quokkas (D:2)
  3 frilled lizards
  A kobold (D:2)
  A rat (D:1)
21 creatures vanquished.

Notes
Turn   | Place    | Note
-------+----------+-------------------------------------------
     0 | D:1      | jestyr24 the Minotaur Fighter began the quest for the Orb.
     0 | D:1      | Reached XP level 1. HP: 19/19 MP: 0/0
   444 | D:1      | Found a faded altar of an unknown god.
   453 | D:1      | Became a worshipper of the Wu Jian Council
   453 | D:1      | Reached * piety under Wu Jian
   958 | D:2      | Reached XP level 2. HP: 27/27 MP: 1/1
   966 | D:2      | Found an ornate altar of the Wu Jian Council.
  1081 | D:2      | Reached XP level 3. HP: 24/33 MP: 2/2
  1208 | D:2      | Noticed Robin
  1218 | D:2      | Killed Robin
  1218 | D:2      | Slain by a goblin

Illustrated notes

Levels and vault maps discovered:
D:1:      amcnicky_arrival_double_pillar, layout_basic,
          shapermc_ecumenical_altar_totnotflames
D:2:      layout_rooms, basic_altar, uniq_robin, uniq_crazy_yiuf_cottage,
          uniq_sigmund

Skill      XL: |  1  2 |
---------------+-------+-----
Armour         | 4 |  4.4
Fighting       | 4 |  4.1
Shields        | 4 |  4.3
Long Blades    | |  2.4

Action                   || total
-------------------------++-------
Melee: Long sword        ||    59
       Headbutt          ||     8
Throw: Stone             ||     1
Invok: Whirlwind         ||     1
       Lunge             ||     3
  Use: Potion            ||     1
Armor: Scale mail        ||    36
Dodge: Dodged            ||    19
Block: Kite shield       ||    40
       Rpst.: Long sword ||     8

Table legend: (Time is in decaauts)
 A = Elapsed time spent in this place.
 B = Non-inter-level travel time spent in this place.
 C = Inter-level travel time spent in this place.
 D = Time resting spent in this place.
 E = Time spent auto-exploring this place.
 F = Levels seen in this place.
 G = Mean time per level.
                   A        B        C        D        E       F      G
               +--------+--------+--------+--------+--------+-----+--------+
         Total |   1245 |   1184 |     61 |     76 |    901 |   2 |  622.5 |
       Dungeon |   1245 |   1184 |     61 |     76 |    901 |   2 |  622.5 |
               +--------+--------+--------+--------+--------+-----+--------+

Top non-repeatable levels by time:
     D:1: 933 daAuts
     D:2: 312 daAuts
